 Dungeon Crawl Stone Soup version 0.20-a0-1026-gc3ddcbd (webtiles) character file.

42 Ordine the Magician (level 3, 0/19 HPs)
             Began as a Deep Elf Wizard on Apr 20, 2017.
             Slain by a gnoll (1 damage)
             ... on level 1 of the Dungeon.
             The game lasted 00:04:31 (988 turns).

Ordine the Magician (Deep Elf Wizard)                Turns: 988, Time: 00:04:32

Health: 0/19       AC:  2    Str:  4    XL:     3   Next: 35%
Magic:  0/12       EV: 13    Int: 23    God:
Gold:   74         SH:  0    Dex: 13    Spells: 4/13 levels left

rFire    . . .     SeeInvis .   e - +2 dagger (drain)
rCold    . . .     Gourm    .   (no shield)
rNeg     . . .     Faith    .   a - +0 robe
rPois    .         Spirit   .   b - +0 hat
rElec    .         Reflect  .   (no cloak)
rCorr    .         Harm     .   (no gloves)
MR       .....                  (no boots)
Stlth    ++........             (no amulet)
Regen    0.1/turn               (no ring)
MPRegen  0.2/turn               (no ring)

@: flying, very slightly contaminated
A: no striking features
a: no special abilities


You were on level 1 of the Dungeon.
You were not hungry.

You visited 1 branch of the dungeon, and saw 2 of its levels.

You collected 74 gold pieces.

Inventory:

Hand Weapons
 e - a +2 dagger of draining (weapon)
Armour
 a - a +0 robe (worn)
 b - a +0 hat (worn)
Potions
 f - a potion of brilliance
Books
 c - a book of Minor Magic

   Spells                             Type                      Level
   a - Magic Dart                     Conjuration                  1
   b - Blink                          Translocation                2
   c - Call Imp                       Summoning                    2
   d - Slow                           Hexes                        2
   e - Conjure Flame                  Conjuration/Fire             3
   f - Mephitic Cloud                 Conjuration/Poison/Air       3
Comestibles
 d - 2 bread rations
 h - 5 fruits


   Skills:
 - Level 2.4 Dodging
 + Level 2.9 Stealth
 * Level 5.5 Spellcasting
 + Level 1.7 Conjurations
   Level 1.1 Summonings
 + Level 1.4 Translocations
 + Level 0.0 Fire Magic
 + Level 0.0 Air Magic


You had 4 spell levels left.
You knew the following spells:

 Your Spells              Type           Power        Failure   Level  Hunger
a - Magic Dart            Conj           ##..         4%          1    None
b - Blink                 Tloc           N/A          8%          2    None
c - Conjure Flame         Conj/Fire      ##......     19%         3    ##.....
d - Mephitic Cloud        Conj/Pois/Air  #.......     22%         3    ##.....


Dungeon Overview and Level Annotations

Branches:
Dungeon (2/15)

Altars:


Message History

You don't have enough magic to cast that spell.
You closely miss the gnoll.
The gnoll is heavily wounded.
The gnoll barely misses you.
You barely miss the gnoll.
The gnoll is heavily wounded.
The gnoll hits you but does no damage.
Casting: Magic Dart
Confirm with . or Enter, or press ? or * to list all spells.
Aiming: Magic Dart
Press: ? - help, Shift-Dir - straight line, f/p - gnoll
Aim: a gnoll (heavily wounded)
The magic dart hits the gnoll.
The gnoll is heavily wounded.
The gnoll hits you.
* * * LOW HITPOINT WARNING * * *
You hit the gnoll. You drain the gnoll!
The gnoll is severely wounded.
The gnoll hits you.
You die...

.#.#.####'###'###'###'##.#.##.#
.##.####..............P#.#.##.#
.##.##.'...............#.#.##.#
###.##.#..............)#.#.##.#
#.##.##'###'###'###'##.#.##.#
###.##.#..P#...#...#...#...##.#
..#.(..#.P.#.<.#...#...#.#.##÷#
#.#.##.###################.##.###
#.#.##.# #.#.rg@#....####.##....
..#.##.####.#.#######............
........)##.#....#....###...####.
..#.###..r..r.##.#.##.# #.#.# #.
#.#.# ##.##.#.##.#.##.###.#.# #.
#.#.# #.##.#†.....#..).....# #.
....# #.##.#........#......# #.
..#.# #.##.#....###........# #.
)##.####.##.#..#.# ####.....# #.


You could see a gnoll and a rat.

Vanquished Creatures
  A gnoll (D:1)
  3 leopard geckos (D:1)
  3 bats (D:1)
  7 giant cockroaches (D:1)
  3 goblins (D:1)
  A hobgoblin (D:1)
  A quokka (D:1)
  3 frilled lizards (D:1)
  2 kobolds (D:1)
  6 rats (D:1)
30 creatures vanquished.

Notes
Turn   | Place    | Note
-------+----------+-------------------------------------------
     0 | D:1      | Ordine the Deep Elf Wizard began the quest for the Orb.
     0 | D:1      | Reached XP level 1. HP: 10/10 MP: 7/7
   181 | D:1      | Reached XP level 2. HP: 12/15 MP: 3/9
   186 | D:1      | Learned a level 2 spell: Blink
   357 | D:1      | Reached skill level 5 in Spellcasting
   586 | D:1      | Reached XP level 3. HP: 19/19 MP: 5/11
   591 | D:1      | Learned a level 3 spell: Conjure Flame
   595 | D:1      | Learned a level 3 spell: Mephitic Cloud
   988 | D:1      | Slain by a gnoll

Vault maps used:
D:1:      dpeg_arrival_prison

Skill      XL: |  1  2 |
---------------+-------+-----
Spellcasting   | 5 |  5.5
Dodging        | |  2.4
Stealth        | |  2.9
Conjurations   | |  1.7
Summonings     | |  1.1
Translocations | |  1.4

Action                   || total
-------------------------++-------
Melee: Dagger            ||     8
 Cast: Magic Dart        ||    70
       Conjure Flame     ||     1
       Blink             ||     1
  Use: Scroll            ||     3
       Potion            ||     1
Armor: Robe              ||     2
Dodge: Dodged            ||    12
